 Dungeon Crawl Stone Soup version 0.30-a0-1161-g0704695555 (webtiles) character file.

Game seed: 15404311547495758011

110607 backslashecho the Devastator (level 16, -1/87 HPs)
             Began as a Gargoyle Earth Elementalist on Apr 27, 2023.
             Was the Champion of Vehumet.
             Splashed by a goliath frog's acid (3 damage)
             ... called by a spriggan druid
             ... called by a spriggan druid
             ... on level 2 of the Swamp on Apr 28, 2023.
             The game lasted 02:13:35 (27894 turns).

backslashecho the Devastator (GrEE)                Turns: 27894, Time: 02:13:35

Health: -1/87      AC: 13    Str: 14    XL:     16   Next: 55%
Magic:  22/34      EV: 18    Int: 22    God:    Vehumet [******]
Gold:   1291       SH:  0    Dex: 10    Spells: 21/44 levels left

rFire   + . .        a - staff of earth
rCold   . . .        k - sphere of Battle
rNeg    + . .        Y - +2 robe {rC+}
rPois   ∞            W - +1 hat
rElec   +            H - +1 cloak {rCorr}
rCorr   +            (no gloves)
SInv    .            j - +1 pair of boots
Will    +....        (no amulet)
Stlth   +++          O - ring of fire
HPRegen 0.34/turn    T - +5 ring of evasion
MPRegen 0.24/turn

%: no passive effects
@: corroded, flying
A: sickness immunity, AC +12, big wings, negative energy resistance 1,
electricity resistance, torment resistance 1, petrification resistance
a: Renounce Religion


You were on level 2 of the Swamp.
You worshipped Vehumet.
Vehumet was exalted by your worship.
You visited 6 branches of the dungeon, and saw 26 of its levels.
You also visited: Sewer and Gauntlet.

You collected 2545 gold pieces.
You spent 1254 gold pieces at shops.

Inventory:

Hand Weapons
 b - a +1 heavy dagger
Missiles
 o - 3 curare-tipped darts (quivered)
 G - 7 throwing nets
 Q - 5 silver javelins
Armour
 j - a +1 pair of boots (worn)
 k - the sphere of Battle (worn)
   (You found it on level 2 of the Dungeon)

   It enhances your destructive magic.
   It weakens your non-destructive magic.
   It summons a battlesphere in combat, with strength depending on Conjurations
   skill.
 H - a +1 cloak of preservation (worn)
 R - a +1 cloak of willpower
 W - a +1 hat (worn)
 Y - a +2 robe of cold resistance (worn)
Magical Staves
 a - a staff of earth (weapon)
Jewellery
 y - a ring of ice
 I - the ring "Runequul" {+Blink rF+ MP-9 Str+6}
   (You found it on level 4 of the Lair of Beasts)

   [ring of strength]

   Str:       It affects your strength (+6).
   rF:        It protects you from fire.
   MP:        It affects your magic capacity (-9).
   +Blink:    It lets you blink.
 O - a ring of fire (left hand)
 P - a ring of protection from cold
 T - a +5 ring of evasion (right hand)
Wands
 g - a wand of mindburst (19)
 h - a wand of acid (4)
 p - a wand of paralysis (9)
 A - a wand of digging (10)
 J - a wand of flame (58)
 K - a wand of roots (34)
Scrolls
 d - 4 scrolls of enchant armour
 i - 3 scrolls of silence
 m - 9 scrolls of teleportation
 q - 7 scrolls of fear
 t - 2 scrolls of blinking
 x - 2 scrolls of fog
 E - 3 scrolls of magic mapping
 F - 5 scrolls of poison
 M - 2 scrolls of summoning
 S - a scroll of amnesia
Potions
 c - 3 potions of magic
 e - 2 potions of ambrosia
 f - 8 potions of heal wounds
 l - 3 potions of mutation
 n - 5 potions of brilliance
 r - 3 potions of haste
 u - a potion of resistance
 v - 9 potions of curing
 w - 3 potions of might
 L - a potion of cancellation
 U - a potion of invisibility
Miscellaneous
 N - a phantom mirror
 V - a phial of floods


   Skills:
 - Level 5.0 Fighting
 - Level 4.0 Staves
 - Level 5.0 Dodging
 - Level 6.0 Stealth
 + Level 14.5 Spellcasting
 + Level 15.1 Conjurations
 - Level 4.3 Necromancy
 - Level 0.7 Transmutations
 - Level 12.0 Fire Magic
 - Level 12.0 Earth Magic
 - Level 9.0 Evocations


You had 21 spell levels left.
You knew the following spells:

 Your Spells              Type           Power      Damage    Failure   Level
a - Stone Arrow           Conj/Erth      100%       3d13      1%          3
b - Momentum Strike       Conj/Tloc      100%       3d10      1%          2
c - Sandblast             Erth           100%       2d20      1%          1
d - Starburst             Conj/Fire      53%        6d14      1%          6
e - Borgnjor's Vile Clut  Necr/Erth      25%        N/A       3%          5
f - Flame Wave            Conj/Fire      100%       2d21      1%          4
r - Static Discharge      Conj/Air       100%       2-7/arc   1%          2

Your spell library contained the following spells:

 Spells                   Type           Power      Damage    Failure   Level
 Iskenderun's Battlesphe  Conj           89%        2d14      1%          5
 Kiss of Death            Conj/Necr      100%       2d13      1%          1
 Passwall                 Tmut/Erth      35%        N/A       1%          2
 Dazzling Flash           Conj/Hex       100%       N/A       1%          3
 Hailstorm                Conj/Ice       65%        3d14      1%          3
 Vampiric Draining        Necr           17%        2d7       1%          3
 Volatile Blastmotes      Fire/Tloc      100%       2d18      1%          3
 Iskenderun's Mystic Bla  Conj/Tloc      65%        2d13      1%          4
 Arcjolt                  Conj/Air       32%        1d42      1%          5
 Lee's Rapid Deconstruct  Erth           50%        3d24*     1%          5
 Petrify                  Tmut/Erth      43%        N/A       2%          4
 Slow                     Hex            28%        N/A       3%          1
 Leda's Liquefaction      Hex/Erth       21%        N/A       3%          4
 Freezing Cloud           Conj/Ice/Air   27%        6-21      3%          5
 Ensorcelled Hibernation  Hex/Ice        14%        N/A       6%          2
 Dispel Undead            Necr           17%        3d10      6%          4
 Spider Form              Tmut/Pois      8%         N/A       10%         3
 Call Canine Familiar     Summ           7%         N/A       12%         3
 Confusing Touch          Hex            7%         N/A       12%         3
 Portal Projectile        Hex/Tloc       14%        N/A       12%         3
 Swiftness                Air            7%         N/A       12%         3
 Anguish                  Hex/Necr       6%         N/A       16%         4
 Ice Form                 Ice/Tmut       8%         N/A       32%         4
 Cause Fear               Hex            3%         N/A       36%         4
 Alistair's Intoxication  Tmut/Pois      5%         N/A       67%         5
 Eringya's Noxious Bog    Tmut/Pois      13%        N/A       75%         6
 Simulacrum               Ice/Necr       6%         N/A       94%         6
 Enfeeble                 Hex            3%         N/A       100%        7
 Haunt                    Necr/Summ      6%         N/A       100%        7
 Infestation              Necr           8%         N/A       100%        8
 Statue Form              Tmut/Erth      Unusable   N/A       N/A         6

Dungeon Overview and Level Annotations

Branches:
Dungeon (15/15)            Temple (1/1) D:4            Lair (5/5) D:11
  Swamp (2/4) Lair:2        Snake (1/4) Lair:2        Slime (0/5) Lair:4
    Orc (2/2) D:12            Elf (0/3) Orc:2        Vaults (0/5) D:13
 Depths (0/4) D:15          Sewer (visited)         Gauntlet (visited)

Altars:
Ashenzari
Cheibriados
Dithmenos
Elyvilon
Fedhas
Gozag
Hepliaklqana
Kikubaaqudgha
Makhleb
Nemelex Xobeh
Okawaru
Qazlal
Ru
Sif Muna
Trog
Uskayaw
Vehumet
Wu Jian
Xom
Yredelemnul
Zin
The Shining One
Jiyva

Shops:
D:3 :[[?   Orc:2 !![?=

Portals:
Pandemonium: Orc:2

Annotations:
D:9 exclusion: 2 doors
D:11 exclusion: cyclops, Josephine
Lair:5 exclusion: 3 doors
Orc:1 3 runed translucent doors, Vuvadabb's ghost, journeyman HOMo
Orc:2 1 runed translucent door, meatpath's ghost, journeyman DrBe


Innate Abilities, Weirdness & Mutations

You are immune to sickness and miasma.
Your stone body is resilient. (AC +12)
You are immune to poison.
Your large and strong wings let you fly.
You resist negative energy. (rN+)
You are resistant to electric shocks. (rElec)
You are resistant to unholy torment.
You are immune to petrification.


Message History

The barrage of energy hits the five-headed hydra!
The five-headed hydra is lightly wounded.
The spriggan rider hits you from afar with a +0 spear!
You take 10 damage, and have 76/87 hp.
You now have 24/34 mp.
A wave of flame ripples out!
The mangrove smoulders and burns.
The flame wave engulfs the spriggan rider!!
The spriggan rider is heavily wounded.
Your battlesphere fires!
The barrage of energy hits the alligator!
The alligator is lightly wounded.
The spriggan rider hits you from afar with a +0 spear.
The five-headed hydra is engulfed in blazing flames.
The goliath frog hits you from afar!! The acid corrodes you!
You are splashed with acid.
You resist.
You take 36 damage, and have 40/87 hp.
MASSIVE DAMAGE!!
You now have 23/34 mp.
Unknown command.
Unknown command.
A wave of flame ripples out!
The flame wave engulfs the goliath frog!
The goliath frog is moderately wounded.
The flame wave engulfs the spriggan rider!
The spriggan rider is heavily wounded.
The flame wave engulfs the five-headed hydra!!!
The five-headed hydra is almost dead.
The mangrove smoulders and burns.
The flame wave engulfs the swamp worm!!
You kill the swamp worm!
Vehumet accepts your kill.
You smell burning wood.
Your battlesphere fires!
The barrage of energy hits the goliath frog!
The goliath frog is heavily wounded.
The spriggan rider hits you from afar with a +0 spear!
* * * LOW HITPOINT WARNING * * *
The alligator is engulfed in blazing flames.
The goliath frog hits you from afar!!
* * * LOW HITPOINT WARNING * * *
The acid corrodes you!
You are splashed with acid.
You resist.
You die...

♣... ♣♣♣ ..~~ .~♣ ..~~~
♣♣♣ ♣..♣♣
....~♣♣♣~♣♣~...♣
.!~♣○§..§♣~~...♣
...~☼t§§§§~~♣..♣
.P..~.F§§§§..♣~~♣
≈##.§).†i*@§§~~.♣
≈≈~P~..§..§§§...♣ ..
≈.P..♣.§§D§§...♣♣ ..##
##..§♣☼§§§§.§..~♣
..~~###...~~...w♣.~§.~♣
.~.PP.~..........~x~.♣♣
....~..~~§~~~~.~~~~~~♣
♣.~~~~~~~~~~~~~~~.♣♣
♣.~~~~~~~~~~~...<.~♣


You could see an alligator (strong, ally target), a five-headed hydra, a tyrant
leech, a spriggan rider, a goliath frog (strong) and a friendly battlesphere.

Vanquished Creatures
  Rupert (Orc:2)
  Jorgrun (Orc:1)
  2 eleionomae (Swamp:1)
  Azrael (Orc:1)
  A bunyip (Swamp:1)
  A minotaur (Gauntlet)
  Snorg (D:14)
  An ettin (D:15)
  Fannar (Lair:1)
  2 demonspawn (Orc:2)
  12 hydras
  A ghost crab (Gauntlet)
  A vault guard (D:13)
  Harold (D:9)
  5 two-headed ogres
  6 centaur warriors
  An ogre mage (D:15)
  A boulder beetle (D:13)
  A death knight (D:13)
  4 tengu warriors
  14 death yaks
  A naga sharpshooter (Snake:1)
  A hell knight (D:15)
  6 orc high priests (Orc:2)
  Urug (Lair:1)
  A soul eater (Orc:2)
  2 skysharks
  A spriggan druid (Swamp:2)
  2 goliath frogs (Swamp:1)
  2 deep trolls (D:15)
  5 orc knights
  2 deep elf pyromancers
  A necromancer (D:15)
  3 oklob plants
  13 ugly things
  7 cyclopes
  A wolf spider (shapeshifter) (D:15)
  6 orc sorcerers
  3 manticores
  6 elephants (Lair:3)
  Maurice (D:12)
  6 cane toads
  3 black mambas (Lair:5)
  A gargoyle (D:12)
  A torpor snail (Lair:1)
  5 komodo dragons
  An ice devil (Orc:2)
  2 unseen horrors (D:11)
  3 freezing wraiths
  A tengu conjurer (D:15)
  A bloated husk (Swamp:1)
  6 trolls
  4 polar bears
  2 hornets (Swamp:1)
  Prince Ribbit (Lair:1)
  Grinder (D:5)
  5 tyrant leeches (Swamp:1)
  15 blink frogs
  A blink frog (shapeshifter) (D:13)
  2 raiju (Gauntlet)
  7 dream sheep (Lair:5)
  4 spriggans
  A vampire (D:11)
  A water elemental (D:12)
  16 slime creatures
  2 shadows
  10 wraiths
  2 fire elementals (Orc:1)
  2 unseen horror simulacra (D:8)
  2 chaos spawn (Orc:2)
  2 wyverns
  5 basilisks
  17 vampire mosquitoes
  44 yaks
  3 steam dragons
  2 nagas
  5 swamp worms
  8 wargs
  17 water moccasins
  5 acid dragons
  3 hell hounds (Orc:2)
  30 orc warriors
  2 black bears
  2 ice beasts (D:8)
  8 ogres
  2 sky beasts
  11 wolves
  2 centaurs
  A kobold brigand (D:10)
  2 phantoms
  7 bullfrogs
  A scorpion (D:6)
  A gnoll sergeant (D:12)
  7 wights
  A hornet simulacrum (D:14)
  16 killer bees (D:9)
  6 electric eels
  3 wyvern simulacra (D:8)
  2 hounds (D:5)
  12 jellies
  6 iguanas
  29 orc priests
  A gnoll bouda (D:7)
  2 sleepcaps
  Crazy Yiuf (D:7)
  Natasha (thrice) (D:2)
  14 orc wizards
  7 hell rats (Lair:5)
  A lightning spire (Gauntlet)
  A centaur simulacrum (D:8)
  A killer bee simulacrum (D:8)
  9 adders
  11 gnolls
  A river rat (D:4)
  4 white imps
  A howler monkey simulacrum (D:8)
  2 ufetubi (D:8)
  A worm (D:5)
  3 dart slugs
  68 orcs
  11 ball pythons
  3 bats
  6 endoplasms
  3 giant cockroaches
  2 goblins
  5 hobgoblins
  6 jackals
  7 kobolds
  3 quokkas
  8 frilled lizards
  14 rats
693 creatures vanquished.

Vanquished Creatures (collateral kills)
  A death yak (D:8)
1 creature vanquished.

Vanquished Creatures (others)
  An orc wizard (Orc:1)
  12 fungi
  38 plants
  7 withered plants (Lair:5)
58 creatures vanquished.

Grand Total: 752 creatures vanquished

Notes
Turn   | Place    | Note
-------+----------+-------------------------------------------
     0 | D:1      | backslashecho the Gargoyle Earth Elementalist began the
                  | quest for the Orb.
     0 | D:1      | Reached XP level 1. HP: 10/10 MP: 3/3
    36 | D:1      | Found a faded altar of an unknown god.
   146 | D:1      | Reached XP level 2. HP: 8/15 MP: 1/5
   671 | D:1      | Reached XP level 3. HP: 19/19 MP: 4/6
  1120 | D:2      | Found the sphere of Battle
  1393 | D:2      | Noticed Natasha
  1409 | D:2      | Killed Natasha
  1410 | D:2      | Reached skill level 5 in Earth Magic
  1410 | D:2      | Reached XP level 4. HP: 24/24 MP: 5/8
  1414 | D:2      | Noticed Natasha
  1416 | D:2      | Killed Natasha
  1428 | D:2      | Noticed Natasha
  1432 | D:2      | Killed Natasha
  1490 | D:2      | Reached XP level 5. HP: 28/28 MP: 5/9
  2033 | D:3      | Found Longott's Magic Scroll Shoppe.
  2087 | D:3      | Found Umonorch's Armour Shop.
  2126 | D:3      | Found Miogar's Antique Armour Shoppe.
  2233 | D:3      | Found Wiobessamu's Book Shop.
  2243 | D:3      | Learned a level 3 spell: Stone Arrow
  2301 | D:3      | Reached skill level 1 in Conjurations
  2905 | D:4      | Found a shadowy altar of Dithmenos.
  2915 | D:4      | Reached XP level 6. HP: 32/32 MP: 9/11
  3103 | D:4      | Found a staircase to the Ecumenical Temple.
  3110 | D:4      | Reached skill level 2 in Conjurations
  3118 | Temple   | Entered the Ecumenical Temple
  3427 | D:4      | Found a glowing drain.
  3433 | Sewer    | Entered a sewer
  3591 | Sewer    | Reached skill level 3 in Conjurations
  3907 | D:4      | Noticed a black bear
  3966 | D:4      | Reached XP level 7. HP: 36/36 MP: 10/14
  3978 | D:4      | Found a white marble altar of Elyvilon.
  4509 | D:5      | Entered Level 5 of the Dungeon
  4726 | D:5      | Reached skill level 5 in Spellcasting
  4726 | D:5      | Reached skill level 4 in Conjurations
  4830 | D:5      | Noticed Grinder
  4839 | D:5      | Killed Grinder
  4840 | D:5      | Reached skill level 5 in Conjurations
  5074 | D:5      | Reached XP level 8. HP: 41/41 MP: 8/16
  5575 | D:6      | Found a bloodstained altar of Trog.
  5699 | D:6      | Found a radiant altar of Vehumet.
  5791 | D:6      | Became a worshipper of Vehumet
  5834 | D:6      | Reached skill level 6 in Conjurations
  6320 | D:6      | Found an opulent altar of Gozag.
  6525 | D:7      | Found a runed translucent door.
  6526 | D:7      | Noticed Crazy Yiuf
  6593 | D:7      | Reached skill level 7 in Conjurations
  6795 | D:7      | Reached * piety under Vehumet
  6795 | D:7      | Offered knowledge of Foxfire by Vehumet.
  6796 | D:7      | Reached XP level 9. HP: 18/45 MP: 13/18
  7003 | D:7      | Reached skill level 8 in Conjurations
  7509 | D:7      | Killed Crazy Yiuf
  7548 | D:8      | Noticed a polar bear
  7655 | D:4      | Reached skill level 1 in Fighting
  7884 | D:8      | Found a shimmering altar of Xom.
  7885 | D:8      | Found a shimmering altar of Xom.
  7885 | D:8      | Found a shimmering altar of Xom.
  7886 | D:8      | Found a shimmering altar of Xom.
  7886 | D:8      | Found a shimmering altar of Xom.
  8009 | D:8      | Noticed a polar bear
  8014 | D:8      | Reached skill level 9 in Conjurations
  8014 | D:8      | Reached XP level 10. HP: 53/53 MP: 18/22
  8341 | D:8      | Reached ** piety under Vehumet
  8441 | D:8      | Noticed a death yak
  8706 | D:8      | Offered knowledge of Momentum Strike by Vehumet.
  8710 | D:8      | Learned a level 2 spell: Momentum Strike
  8723 | D:8      | Reached skill level 10 in Conjurations
  8890 | D:8      | Killed a death yak
  8902 | D:8      | Reached skill level 5 in Fighting
  8902 | D:8      | Reached skill level 11 in Conjurations
  9074 | D:3      | Bought a book of Spectacle for 560 gold pieces
  9081 | D:3      | Learned a level 6 spell: Starburst
  9430 | D:9      | Noticed Harold
  9438 | D:9      | Killed Harold
  9526 | D:9      | Reached XP level 11. HP: 63/63 MP: 21/24
  9708 | D:9      | Offered knowledge of Static Discharge by Vehumet.
  9713 | D:9      | Learned a level 2 spell: Static Discharge
  9863 | D:9      | Noticed a cyan ugly thing
  9863 | D:9      | Noticed a six-headed hydra
  9877 | D:9      | Killed a cyan ugly thing
  9978 | D:9      | Found a basalt altar of Yredelemnul.
  9999 | D:9      | Found an ornate altar of the Wu Jian Council.
 10223 | D:10     | Entered Level 10 of the Dungeon
 10393 | D:10     | Found a sparkling altar of Nemelex Xobeh.
 10393 | D:10     | Found a burning altar of Makhleb.
 10423 | D:10     | Reached *** piety under Vehumet
 10490 | D:10     | Reached skill level 5 in Fire Magic
 10796 | D:10     | Noticed a two-headed ogre
 10803 | D:10     | Killed a two-headed ogre
 10948 | D:11     | Noticed a two-headed ogre
 10991 | D:11     | Killed a two-headed ogre
 11034 | D:11     | Found a gate leading to a gauntlet.
 11036 | D:11     | Noticed a cyclops
 11042 | D:11     | Killed a cyclops
 11043 | D:11     | Reached skill level 12 in Conjurations
 11050 | Gauntlet | Entered a Gauntlet
 11050 | Gauntlet | Noticed a ghost crab
 11050 | Gauntlet | Found a transporter.
 11050 | Gauntlet | Found a transporter.
 11050 | Gauntlet | Found a transporter.
 11093 | Gauntlet | Found a transporter.
 11095 | Gauntlet | Found a transporter.
 11103 | Gauntlet | Found a transporter.
 11108 | Gauntlet | Found a transporter.
 11116 | Gauntlet | Found a transporter.
 11119 | Gauntlet | Noticed a wizard
 11124 | Gauntlet | Found a transporter.
 11141 | Gauntlet | Found a transporter.
 11148 | Gauntlet | Noticed a worldbinder
 11149 | Gauntlet | Found a transporter.
 11168 | Gauntlet | Found a transporter.
 11583 | Gauntlet | Killed a ghost crab
 11700 | Gauntlet | Noticed a minotaur
 11709 | Gauntlet | Killed a minotaur
 11814 | Gauntlet | Identified the +0 ring mail of the Goldsmith {MP+9}
 11818 | Gauntlet | Got the Volume of the Plutonic Welkin
 11882 | D:11     | Noticed a manticore
 11898 | D:11     | Noticed a deep elf pyromancer
 11902 | D:11     | Killed a deep elf pyromancer
 11903 | D:11     | Reached XP level 12. HP: 68/68 MP: 15/25
 11917 | D:11     | Noticed a death yak
 11926 | D:11     | Killed a death yak
 11927 | D:11     | Reached skill level 5 in Dodging
 11990 | D:11     | Found a staircase to the Lair.
 11991 | D:11     | Noticed a death yak
 11991 | D:11     | Noticed a death yak
 12001 | D:11     | Killed a death yak
 12016 | D:11     | Killed a death yak
 12016 | D:11     | Offered knowledge of Inner Flame by Vehumet.
 12093 | D:11     | Noticed a death yak
 12100 | D:11     | Killed a death yak
 12102 | D:11     | Noticed a death yak
 12104 | D:11     | Noticed a six-headed hydra
 12138 | D:11     | Killed a death yak
 12142 | D:11     | Killed a six-headed hydra
 12143 | D:11     | Reached skill level 10 in Fire Magic
 12408 | D:11     | Noticed Josephine
 12497 | D:11     | Reached **** piety under Vehumet
 12604 | D:11     | Offered knowledge of Sticky Flame by Vehumet.
 12701 | D:11     | Noticed a boulder beetle
 12777 | D:11     | Found a burning altar of Makhleb.
 13057 | Lair:1   | Entered Level 1 of the Lair of Beasts
 13321 | Lair:1   | Noticed Prince Ribbit
 13323 | Lair:1   | Killed Prince Ribbit
 13324 | Lair:1   | Reached skill level 1 in Evocations
 13463 | Lair:1   | Noticed Urug
 13471 | Lair:1   | Killed Urug
 13574 | Lair:1   | Noticed Fannar
 13581 | Lair:1   | Killed Fannar
 13665 | Lair:1   | Reached XP level 13. HP: 57/72 MP: 21/26
 14168 | Lair:2   | Reached skill level 10 in Spellcasting
 14168 | Lair:2   | Found a staircase to the Snake Pit.
 14524 | Lair:2   | Reached skill level 5 in Evocations
 14806 | Lair:2   | Found a staircase to the Swamp.
 15727 | Lair:3   | Identified the +3 leather armour of Geklaef {Dex+4}
 15797 | Lair:3   | Reached skill level 1 in Staves
 16328 | Lair:4   | Found a runed translucent door.
 16332 | Lair:4   | Found a viscous altar of Jiyva.
 16333 | Lair:4   | Found a staircase to the Slime Pits.
 16519 | Lair:4   | Identified the ring "Runequul" {+Blink rF+ MP-9 Str+6}
 16586 | Lair:4   | Reached ***** piety under Vehumet
 16586 | Lair:4   | Offered knowledge of Spellforged Servitor by Vehumet.
 16793 | Lair:5   | Entered Level 5 of the Lair of Beasts
 16851 | Lair:5   | Gained mutation: Your large and strong wings let you fly.
                  | [Gargoyle growth]
 16851 | Lair:5   | Reached XP level 14. HP: 78/78 MP: 18/29
 18073 | D:3      | Bought Great Wizards, Vol. II for 532 gold pieces
 18080 | D:3      | Learned a level 5 spell: Borgnjor's Vile Clutch
 18472 | Lair:5   | Reached skill level 1 in Necromancy
 19074 | D:12     | Noticed Maurice
 19076 | D:12     | Killed Maurice
 19365 | D:12     | Found a sparkling altar of Nemelex Xobeh.
 19485 | D:12     | Found a staircase to the Orcish Mines.
 19694 | Orc:1    | Entered Level 1 of the Orcish Mines
 19836 | Orc:1    | Found a runed translucent gate.
 19837 | Orc:1    | Found a runed translucent gate.
 19839 | Orc:1    | Found a runed translucent gate.
 19839 | Orc:1    | Noticed Vuvadabb's ghost (journeyman HOMo)
 19870 | Orc:1    | Found an iron altar of Okawaru.
 19926 | Orc:1    | Noticed Jorgrun
 20127 | Orc:1    | Killed Jorgrun
 20128 | Orc:1    | Reached skill level 10 in Earth Magic
 20373 | Orc:2    | Entered Level 2 of the Orcish Mines
 20388 | Orc:2    | Found a staircase to the Elven Halls.
 20443 | Orc:2    | Found a runed translucent door.
 20482 | Orc:2    | Noticed Azrael
 20665 | Orc:1    | Killed Azrael
 20924 | Orc:2    | Reached XP level 15. HP: 79/82 MP: 31/31
 20938 | Orc:2    | Found a shimmering altar of Xom.
 20938 | Orc:2    | Noticed meatpath's ghost (journeyman DrBe)
 20938 | Orc:2    | Identified the +4 broad axe of Checkmate {chaos, Str+9
                  | Dex-4 SInv}
 21167 | Orc:2    | Found Ibalial's Distillery.
 21393 | Orc:2    | Noticed Rupert
 21401 | Orc:2    | Killed Rupert
 21645 | Orc:2    | Found Vuyrchui's Distillery.
 21749 | Orc:2    | Found Fuorexoqi's Magic Scroll Shop.
 21885 | Orc:2    | Bought a scroll of blinking for 82 gold pieces
 21887 | Orc:2    | Bought a potion of attraction for 36 gold pieces
 21889 | Orc:2    | Bought a scroll of amnesia for 44 gold pieces
 22025 | Orc:2    | Reached ****** piety under Vehumet
 22232 | Orc:2    | Offered knowledge of Fulminant Prism by Vehumet.
 22389 | Orc:2    | Found Xatiplag's Antique Armour Emporium.
 22389 | Orc:2    | Found Darhergh's Jewellery Shoppe.
 22390 | Orc:2    | Found a one-way gate leading to the halls of Pandemonium.
 23086 | D:13     | Got the Writings on Decaying Heat
 23092 | D:13     | Learned a level 4 spell: Flame Wave
 23104 | D:13     | Reached skill level 5 in Stealth
 23134 | D:13     | Found a gate to the Vaults.
 23834 | D:13     | Reached skill level 13 in Conjurations
 24990 | D:14     | Noticed Snorg
 24993 | D:14     | Killed Snorg
 25282 | D:14     | Offered knowledge of Iskenderun's Battlesphere by Vehumet.
 25361 | D:15     | Entered Level 15 of the Dungeon
 25452 | D:15     | Reached XP level 16. HP: 87/87 MP: 29/33
 25476 | D:15     | Reached skill level 14 in Conjurations
 25988 | D:15     | Found a staircase to the Depths.
 26930 | Snake:1  | Entered Level 1 of the Snake Pit
 26958 | Swamp:1  | Entered Level 1 of the Swamp
 27178 | Swamp:1  | Reached skill level 15 in Conjurations
 27653 | Swamp:1  | Identified the +10 long sword of Conjuring Sudden Death
                  | {vamp, rN+}
 27894 | Swamp:2  | HP: 2/87 [goliath frog[a spriggan druid] (24)]
 27894 | Swamp:2  | Splashed by a goliath frog's acid

Illustrated notes

Levels and vault maps discovered:
D:1:      minmay_arrival_jagged, layout_loops_ring,
          hellmonk_ecumenical_altar_pennies_from_heaven, glass_columns_b
D:2:      layout_basic, uniq_natasha
D:3:      layout_basic, serial_rivers, chequers_serial_rivers_room_b,
          chequers_serial_rivers_small_a, chequers_serial_rivers_small_b,
          chequers_serial_rivers_marsh, chequers_serial_rivers_small_a,
          chequers_serial_rivers_micro_b, serial_shops, shop, shop,
          nicolae_shop_hallway_plus, nicolae_shop_tiny_waterfront,
          kennysheep_cross_room
D:4:      layout_basic, marbit_many_paths, nicolae_dithmenos_the_darkroom,
          minmay_temple_entry_drinking_statues, portal_sewer_entry_e,
          serial_bayou_crossing
D:5:      layout_basic, hangedman_decor_slide_cut, grunt_decor_resistance,
          uniq_grinder
D:6:      layout_loops_corners, lemuel_doored_altar, trog_three_pillars_becter,
          nicolae_vehumet_altar_sigil, corexii_leaking_fountain,
          hangedman_decor_growths, minmay_misc_feat_more_columns
D:7:      layout_loops_ring, uniq_crazy_yiuf_cottage
D:8:      layout_layer_cave, xom_redecorated, serial_ice, serial_ice_o,
          serial_ice_a, serial_ice_k, serial_ice_h, serial_ice_e, serial_ice_d
D:9:      layout_rooms, jmf_multi_god_temple, chequers_jeans, minivault_25_ag,
          uniq_harold
D:10:     layout_basic, mainiacjoe_overflow_divided_tiny
D:11:     layout_loops_ring, dpeg_lair_monsters, gauntlet_entry_generic,
          minmay_ruined_shrine, uniq_josephine
D:12:     nicolae_moon_pools, layout_loops_cross, david_orc_4,
          nemelex_xobeh_ov_fountains_minmay, uniq_maurice
D:13:     layout_loops_corners, david_vaults_5, minmay_fractal_squares_gapless_7
D:14:     kennysheep_spiral_hall, layout_basic, uniq_snorg
D:15:     hangedman_depths_entry_civil_slaughter, layout_stronghold
Temple:   nicolae_temple_godzebo
Lair:1:   layout_cave_pods, grunt_forest_large_clearing_hut,
          uniq_prince_ribbit2, uniq_urug, uniq_fannar
Lair:2:   layout_gridlike, minmay_swamp_entry_swarm, guppyfry_snake_entry_island
Lair:3:   layout_hall_layers, serial_forest, infiniplex_forest_clump_tiny,
          infiniplex_forest_clump_double, infiniplex_forest_lined_room_2,
          infiniplex_forest_clump_double, infiniplex_forest_zigzag_1,
          infiniplex_forest_zigzag_2, infiniplex_forest_end_3,
          grunt_megastairs_3
Lair:4:   layout_loops_ring, slime_entry_2, infiniplex_staircase_pool_2
Lair:5:   due_jungle_book, layout_cave_shapes, grunt_megastairs_4
Swamp:1:  layout_basic_swamp, nicolae_swamp_trees_clearing
Swamp:2:  layout_basic_swamp, nicolae_swamp_well_well_well
Snake:1:  cheibrodos_toxic_ritual, layout_basic, nicolae_snake_slithery_corners,
          minmay_shop_star
Orc:1:    layout_caves, basic_altar, gammafunk_ghost_fury_of_okawaru,
          uniq_jorgrun
Orc:2:    pf_orc_diabolical, layout_diamond_mine, serial_shops,
          nicolae_shop_industrial_runoff, ebering_ghost_xom, mines3_lemuel,
          uniq_azrael, uniq_rupert

Skill      XL: |  1  2  3  4  5  6  7  8  9 10 11 12 13 14 15 16 |
---------------+-------------------------------------------------+-----
Earth Magic    | 4 5 6 7 8 11 12 | 12.0
Spellcasting   | 3 4 5 6 8 9 11 12 13 14 | 14.5
Conjurations   | 1 3 5 7 9 11 12 13 15 | 15.1
Fighting       | 2 5 |  5.0
Dodging        | 2 4 5 |  5.0
Fire Magic     | 2 7 12 | 12.0
Evocations     | 3 7 9 |  9.0
Staves         | 3 4 |  4.0
Necromancy     | 3 4 |  4.3
Stealth        | 6 |  6.0
Transmutations | |  0.7

Action                     |  1- 3 |  4- 6 |  7- 9 | 10-12 | 13-15 | 16-18 || total
---------------------------+-------+-------+-------+-------+-------+-------++-------
  Melee: Dagger            |    28 |     3 |     1 |     2 |       |       ||    34
         Punch             |     1 |       |       |       |       |       ||     1
         Staff             |       |       |       |       |     3 |       ||     3
  Throw: Dart              |       |       |     4 |     2 |     4 |       ||    10
   Cast: Sandblast         |    30 |    59 |    81 |   152 |   353 |     1 ||   676
         Stone Arrow       |       |       |    12 |    52 |   117 |    66 ||   247
         Momentum Strike   |       |       |       |     8 |       |       ||     8
         Static Discharge  |       |       |       |     4 |    30 |       ||    34
         Starburst         |       |       |       |    13 |    70 |     9 ||    92
         Borgnjor's Vile C |       |       |       |       |    20 |     6 ||    26
         Flame Wave        |       |       |       |       |     5 |     7 ||    12
  Evoke: Wand              |       |       |       |     2 |       |       ||     2
    Use: Scroll            |       |     2 |     7 |    15 |     7 |       ||    31
         Potion            |       |       |     1 |       |       |     2 ||     3
   Stab: Sleeping          |     1 |     1 |       |       |       |       ||     2
 Armour: Robe              |    10 |     5 |    11 |    20 |    71 |     5 ||   122
         Troll leather arm |       |       |       |    29 |       |       ||    29
  Dodge: Dodged            |    25 |     6 |    11 |    49 |   153 |    17 ||   261

Table legend: (Time is in decaauts)
 A = Elapsed time spent in this place.
 B = Non-inter-level travel time spent in this place.
 C = Inter-level travel time spent in this place.
 D = Time resting spent in this place.
 E = Time spent auto-exploring this place.
 F = Levels seen in this place.
 G = Mean time per level.
                   A        B        C        D        E       F      G
               +--------+--------+--------+--------+--------+-----+--------+
         Total |  28349 |  25372 |   2977 |   2342 |  17825 |  28 | 1012.5 |
       Dungeon |  17850 |  15564 |   2286 |    887 |  11789 |  15 | 1190.0 |
        Temple |    100 |    100 |      0 |      0 |     78 |   1 |  100.0 |
          Lair |   5556 |   5164 |    392 |    503 |   3747 |   5 | 1111.2 |
         Swamp |    798 |    717 |     81 |      0 |    515 |   2 |  399.0 |
     Snake Pit |     10 |     10 |      0 |      0 |      0 |   1 |   10.0 |
  Orcish Mines |   2883 |   2668 |    215 |    692 |   1279 |   2 | 1441.5 |
         Sewer |    336 |    336 |      0 |     28 |    219 |   1 |  336.0 |
      Gauntlet |    812 |    812 |      0 |    232 |    197 |   1 |  812.0 |
               +--------+--------+--------+--------+--------+-----+--------+

Top non-repeatable levels by time:
   Orc:2: 1830 daAuts
    D:13: 1637 daAuts
     D:4: 1607 daAuts
    D:11: 1397 daAuts
    D:14: 1356 daAuts
     D:8: 1288 daAuts
     D:6: 1282 daAuts
    D:15: 1279 daAuts
     D:7: 1203 daAuts
  Lair:2: 1190 daAuts
  Lair:5: 1188 daAuts
     D:3: 1159 daAuts
  Lair:1: 1126 daAuts
    D:12: 1084 daAuts
  Lair:3: 1075 daAuts
